 Dungeon Crawl Stone Soup version 0.27.1 (webtiles) character file.

Game seed: 1850181047868833961

985 hickop the Cleaver (level 7, -14/91 HPs)
             Began as a Minotaur Berserker on Sept 1, 2021.
             Was a Priest of Trog.
             Blown up by Ijyb (16 damage)
             ... with a mindburst bolt
             ... on level 5 of the Dungeon.
             The game lasted 00:23:15 (4650 turns).

hickop the Cleaver (Minotaur Berserker)             Turns: 4650, Time: 00:23:15

Health: -14/91     AC: 11    Str: 21    XL:     7   Next: 97%
Magic:  6/6        EV:  8    Int:  4    God:    Trog [***...]
Gold:   965        SH:  3    Dex: 12    Spells: 6/6 levels left

rFire    . . .     SeeInvis .   o - +0 war axe
rCold    . . .     Faith    .   r - +0 buckler
rNeg     . . .     Spirit   .   u - +0 chain mail
rPois    .         Reflect  .   (helmet restricted)
rElec    .         Harm     .   (no cloak)
rCorr    .         Rampage  .   m - +0 pair of gloves
Will     .....                  (no boots)
Stlth    ..........             (no amulet)
HPRegen  0.25/turn              (no ring)
MPRegen  0.10/turn              (no ring)

@: berserking, very quick
A: horns 2, retaliatory headbutt
a: Renounce Religion, Berserk, Trog's Hand


You were on level 5 of the Dungeon.
You worshipped Trog.
Trog was most pleased with you.
You visited 1 branch of the dungeon, and saw 5 of its levels.

You collected 965 gold pieces.

Inventory:

Hand Weapons
 a - a +0 morningstar of holy wrath
 b - a +2 whip of flaming
 c - a +0 hunting sling
 o - a +0 war axe (weapon)
 t - a +1 whip of freezing
Missiles
 i - 12 stones (quivered)
Armour
 m - a +0 pair of gloves (worn)
 r - a +0 buckler (worn)
 u - a +0 chain mail (worn)
Jewellery
 d - a ring of magical power
 e - a +6 ring of intelligence
 h - a ring of magical power
Wands
 n - a wand of polymorph (9)
Scrolls
 f - a scroll of fear {unknown}
 p - a scroll of identify
Potions
 g - 2 potions of might
 j - a potion of curing {unknown}
 k - a potion of cancellation {unknown}
 l - a potion of degeneration {unknown}
 s - a potion of invisibility {unknown}


   Skills:
 + Level 5.5 Fighting
 * Level 9.4 Axes
 + Level 5.7 Armour
 - Level 2.3 Dodging


You had 6 spell levels left.
You didn't know any spells.
Your spell library was empty.

Dungeon Overview and Level Annotations

Branches:
Dungeon (5/15)
 Temple: D:4-7

Altars:

Shops:
D:5 (

Annotations:
D:5 Ijyb


Innate Abilities, Weirdness & Mutations

You have a pair of horns on your head.
You reflexively headbutt those who attack you in melee.


Message History

Things that are here:
a +0 flail; a gnoll corpse You slash the gnoll!
You headbutt the gnoll.
You kill the gnoll!
Trog accepts your kill.
You slash the gnoll!
You feel sick. The gnoll hits you but does no damage.
You are more poisoned.
You slash the gnoll!
You kill the gnoll!
Trog accepts your kill.
You feel sick.
You feel sick.
You feel sick.
You hit Ijyb.
Ijyb is lightly wounded.
You feel sick. You block Ijyb's attack.
You closely miss Ijyb. Your headbutt misses Ijyb.
Ijyb is lightly wounded.
You feel sick. Ijyb hits you but does no damage.
You closely miss Ijyb. Your headbutt misses Ijyb.
Ijyb is lightly wounded.
You feel sick. Ijyb hits you with a +0 club.
You slash Ijyb! Your headbutt misses Ijyb.
Ijyb is heavily wounded.
You feel sick.
You are no longer poisoned.
Ijyb zaps a wand.
You struggle to resist.
Ijyb hits you but does no damage.
You hit Ijyb.
Ijyb is severely wounded.
Ijyb zaps a wand.
Your mind is blasted!
Ouch! That really hurt!
* * * LOW HITPOINT WARNING * * *
A red film seems to cover your vision as you go berserk!
You feel yourself moving faster!
You feel mighty! Ijyb closely misses you.
You closely miss Ijyb. You headbutt Ijyb.
Ijyb is severely wounded.
You closely miss Ijyb.
Ijyb is severely wounded.
Ijyb zaps a wand.
Your mind is blasted!
You die...

#....... ........
.......# .......#
##.#....# ..#g...#
#.#....## ##g#gg...# ..
#.@#....### . ...
##))....#.###....
##.###......)........
#...##......###....##
###.......###......###
#.........##........#
##.........#...#.#....#
#................# ..##
#..............### ##


You could see Ijyb.

Vanquished Creatures
  Pikel (D:4)
  A necrophage (D:4)
  A water moccasin zombie (D:4)
  A water moccasin skeleton (D:5)
  2 gnoll shamans
  A jelly (D:2)
  An iguana (D:3)
  7 gnolls
  9 adders
  A shadow imp (D:3)
  An adder skeleton (D:4)
  3 worms
  A dart slug (D:1)
  11 orcs
  9 ball pythons
  4 endoplasms
  5 giant cockroaches
  6 goblins
  4 hobgoblins
  3 quokkas (D:3)
  4 bats
  7 frilled lizards
  7 kobolds
  9 rats
99 creatures vanquished.

Notes
Turn   | Place    | Note
-------+----------+-------------------------------------------
     0 | D:1      | hickop the Minotaur Berserker began the quest for the Orb.
     0 | D:1      | Reached XP level 1. HP: 19/19 MP: 0/0
   360 | D:1      | Reached XP level 2. HP: 25/27 MP: 1/1
   365 | D:1      | Reached skill level 4 in Axes
  1142 | D:1      | Reached ** piety under Trog
  1143 | D:1      | Reached XP level 3. HP: 33/33 MP: 2/2
  1501 | D:2      | Reached skill level 5 in Axes
  1599 | D:2      | Reached XP level 4. HP: 28/40 MP: 3/3
  2060 | D:2      | Identified a scroll of acquirement
  2060 | D:2      | Acquired 730 gold pieces
  2523 | D:3      | Found a faded altar of an unknown god.
  2960 | D:3      | Reached *** piety under Trog
  2964 | D:3      | Reached XP level 5. HP: 44/47 MP: 4/4
  2967 | D:3      | Reached skill level 6 in Axes
  3456 | D:4      | Noticed a necrophage
  3470 | D:4      | Killed a necrophage
  3471 | D:4      | Reached XP level 6. HP: 50/53 MP: 5/5
  3568 | D:4      | Reached skill level 7 in Axes
  3830 | D:4      | Noticed Pikel
  3846 | D:4      | Killed Pikel
  3847 | D:4      | Reached skill level 5 in Fighting
  3847 | D:4      | Reached skill level 8 in Axes
  3847 | D:4      | Reached skill level 5 in Armour
  3847 | D:4      | Reached XP level 7. HP: 58/61 MP: 6/6
  4229 | D:4      | Reached skill level 9 in Axes
  4469 | D:5      | Entered Level 5 of the Dungeon
  4469 | D:5      | Found Gyesajits's Antique Weapon Emporium.
  4635 | D:5      | Noticed Ijyb
  4647 | D:5      | HP: 1/61 [disintegration (33)]
  4650 | D:5      | Blown up by Ijyb

Illustrated notes

Levels and vault maps discovered:
D:1:      dpeg_arrival_arbitrary_b, layout_basic
D:2:      layout_basic, amethyst_killhole, minmay_misc_feat_encased
D:3:      layout_basic, shapermc_ecumenical_altar_flowoftime,
          supply_closet_lemuel, grunt_decor_resistance, minmay_divided_ellipse
D:4:      layout_basic, uniq_pikel
D:5:      layout_cave_pools, st_stairs_14, nicolae_stop_n_shop_2,
          chequers_garden, minmay_checkerbox, uniq_edmund, uniq_ijyb,
          uniq_grinder

Skill      XL: |  1  2  3  4  5  6  7 |
---------------+----------------------+-----
Axes           | 4 5 6 8 9 |  9.4
Fighting       | 4 5 |  5.5
Armour         | 3 4 5 |  5.7
Dodging        | |  2.3

Action                   |  1- 3 |  4- 6 |  7- 9 || total
-------------------------+-------+-------+-------++-------
Melee: Hand axe          |    75 |   107 |       ||   182
       Headbutt          |     6 |    23 |     8 ||    37
       War axe           |       |    15 |    44 ||    59
Invok: Berserk           |       |     1 |     1 ||     2
  Use: Scroll            |     3 |     6 |     1 ||    10
Armor: Animal skin       |     6 |       |       ||     6
       Ring mail         |    19 |    37 |       ||    56
       Chain mail        |       |       |    31 ||    31
Dodge: Dodged            |    39 |    77 |    14 ||   130
Block: Buckler           |       |       |     8 ||     8
